cohdb
Replays
Latest Replays
All Replays
Popular Replays
Top Player Replays
Match Explorer
How It Works
Community
CoH3 Stats
Reddit
Sign in to upload your games and track your stats! →
Sign in with Steam
Match 28177590
Unlisted
Match 28177590
Overview
Messages
Build Orders
End
Engineer Squad
Construct Barracks
Selects Advanced Infantry Battlegroup
Riflemen Squad
Construct Weapon Support Center
Riflemen Squad
M1919 Machine Gun Team
Infantry Support Center
Selects Artillery Observers
Construct Motor Pool
Mortar Pit
Mortar Pit
Selects Convert to Ranger Squad
M24 Chaffee Light Tank
Construct Medical Station
.30 cal Machine Gun
Selects Designate Assault Position
Convert to Ranger Squad
Advanced Logistics
.30 cal Machine Gun
Ranger Squad
.30 cal Machine Gun
M1 Anti-tank Gun Team
.30 cal Machine Gun
M1 Anti-tank Gun Team
Convert to Ranger Squad
Selects M2A1 105mm Howitzer Emplacement
Selects Free Fire Drills
Artillery Observer Squad
.30 cal Machine Gun
Engineer Squad
Designate Assault Position
.30 cal Machine Gun
.30 cal Machine Gun
Selects Ranger Weapon Training
M1 Anti-tank Gun Team
Ranger Squad
Engineer Squad
Engineer Squad
Survival Training
Ranger Squad
Aymes
Wrathment
0
0
Comments
sign in to comment!
No comments posted yet!